 Dungeon Crawl Stone Soup version 0.27-a0-732-ga892ba84f6 (webtiles) character file.

Game seed: 2759515731266530852

2885 porpoise the Magician (level 9, -1/68 HPs)
             Began as a Djinni Conjurer on Mar 23, 2021.
             Was a Believer of Makhleb.
             Slain by Harold
             ... wielding a +2 war axe of freezing
              (13 damage)
             ... on level 8 of the Dungeon on Mar 24, 2021.
             The game lasted 00:39:00 (10126 turns).

porpoise the Magician (Djinni Conjurer)            Turns: 10126, Time: 00:39:00

Health: -1/68      AC:  8    Str:  7    XL:     9   Next: 77%
Magic:  0/0        EV: 13    Int: 21    God:    Makhleb [**....]
Gold:   403        SH:  5    Dex: 13    Spells: 0/23 levels left

rFire    + + .     SeeInvis +   b - +0 hunting sling
rCold    x . .     Faith    .   B - +0 buckler
rNeg     . . .     Spirit   .   z - +2 leather armour {rPois}
rPois    ∞         Reflect  .   t - +1 helmet of the Echidna {rElec rCorr MP+9}
rElec    +         Harm     .   (no cloak)
rCorr    +         Rampage  .   y - +0 pair of gloves
Will     .....                  (boots unavailable)
Stlth    ++........             G - amulet of the acrobat
HPRegen  0.21/turn              l - ring of see invisible
MPRegen  0.00/turn              (no ring)

@: flying
A: fire resistance 2, cold vulnerability 1, float, innate caster, hp casting,
extra vitality 1
a: Renounce Religion, Minor Destruction


You were on level 8 of the Dungeon.
You worshipped Makhleb.
Makhleb was pleased with you.
You visited 2 branches of the dungeon, and saw 9 of its levels.

You collected 453 gold pieces.
You spent 50 gold pieces at shops.

Inventory:

Hand Weapons
 a - a +4 falchion
 b - a +0 hunting sling (weapon)
 w - a +2 dagger of venom
 K - a +1 mace of holy wrath
Missiles
 k - 45 poisoned darts
 m - 95 sling bullets (quivered ammo)
 s - 255 stones
 E - 11 boomerangs
 J - 43 bolts
Armour
 c - a +0 robe
 t - the +1 helmet of the Echidna (worn) {rElec rCorr MP+9}
   (You found it on level 2 of the Dungeon)

   It insulates you from electricity.
   It affects your magic capacity (+9).
   It provides partial protection from all sources of acid and corrosion.
 y - a +0 pair of gloves (worn)
 z - a +2 leather armour of poison resistance (worn)
 B - a +0 buckler (worn)
Magical Staves
 H - a staff of earth
Jewellery
 l - a ring of see invisible (right hand)
 G - an amulet of the acrobat (around neck)
Wands
 p - a wand of polymorph (6)
 L - a wand of acid (8)
 M - a wand of paralysis (9)
Scrolls
 h - a scroll of magic mapping {unknown}
 i - 2 scrolls of immolation {unknown}
 j - 2 scrolls of vulnerability
 n - 2 scrolls of teleportation
 o - a scroll of enchant weapon {unknown}
 q - a scroll of summoning {unknown}
 u - a scroll of fog {unknown}
 F - a scroll of noise {unknown}
Potions
 d - 2 potions of berserk rage
 e - a potion of lignification
 f - a potion of mutation
 g - a potion of might {unknown}
 r - a potion of ambrosia {unknown}
 v - a potion of curing {unknown}
 x - 2 potions of heal wounds
 A - a potion of invisibility {unknown}
 C - a potion of brilliance {unknown}
 D - a potion of degeneration {unknown}
 I - 2 potions of attraction


   Skills:
 - Level 7.0 Fighting
 - Level 5.1 Dodging
 - Level 1.5 Stealth
 - Level 4.0 Shields
 + Level 7.9 Spellcasting
 + Level 4.1 Invocations


You couldn't memorise any spells.
You knew the following spells:

 Your Spells              Type           Power      Damage    Failure   Level
a - Magic Dart            Conj           100%       1d8       1%          1
b - Searing Ray           Conj           82%        3d6       1%          2
c - Dazzling Flash        Conj/Hex       82%        N/A       1%          3
d - Fulminant Prism       Conj/Hex       20%        3d13      4%          4
e - Iskenderun's Mystic   Conj/Tloc      41%        2d9       4%          4
f - Shock                 Conj/Air       100%       1d9       1%          1
g - Corpse Rot            Necr/Air       N/A        N/A       1%          2
h - Lesser Beckoning      Tloc           20%        N/A       1%          3
i - Petrify               Tmut/Erth      41%        N/A       4%          4
Your spell library was empty.

Dungeon Overview and Level Annotations

Branches:
Dungeon (8/15)             Temple (1/1) D:5
   Lair: D:8-11

Altars:
Ashenzari
Cheibriados
Dithmenos
Elyvilon
Fedhas
Gozag
Hepliaklqana
Kikubaaqudgha
Makhleb
Nemelex Xobeh
Okawaru
Qazlal
Ru
Sif Muna
Trog
Uskayaw
Vehumet
Wu Jian
Xom
Yredelemnul
Zin
The Shining One

Shops:
D:4 !

Annotations:
D:8 Harold


Innate Abilities, Weirdness & Mutations

You are immune to poison.
Your flesh is very heat resistant. (rF++)
You are vulnerable to cold. (rC-)
You float through the air rather than walking.
You learn spells naturally, not from books.
Your magical power is your life essence.
You have superior vitality. (+4 HP)


Message History

You fly downwards.
Level annotation: Harold
There is a stone staircase leading up here.
Casting: Searing Ray (safe; 1% risk of failure)
Confirm with . or Enter, or press ? or * to list all spells.
Aiming: Searing Ray (safe; 1% risk of failure)
Press: ? - help, Shift-Dir - straight line, f - Harold
Aim: Harold, wielding a +2 war axe of freezing and wearing a +0 ring mail (11% to evade)
Okay, then.
Casting: Searing Ray (safe; 1% risk of failure)
Confirm with . or Enter, or press ? or * to list all spells.
You erupt in a blast of force!
The mystic blast hits Harold.
Harold is lightly wounded.
Harold is knocked back by the mystic blast.
Harold says, "Ah, this is what I got into this business for!"
Casting: Iskenderun's Mystic Blast (dangerous; 4% risk of failure)
Confirm with . or Enter, or press ? or * to list all spells.
Aiming: Searing Ray (safe; 1% risk of failure)
Press: ? - help, Shift-Dir - straight line, f - Harold
Aim: Harold, wielding a +2 war axe of freezing and wearing a +0 ring mail (lightly wounded, 11% to evade)
The searing ray hits Harold.
Harold is lightly wounded. (Press . to maintain the ray.) Harold fires a harpoon shot at you.
The harpoon shot hits you!
You are yanked forward by the harpoon shot.
Harold hits you with a +2 war axe of freezing!
Harold freezes you.
Casting: Searing Ray (safe; 1% risk of failure)
Confirm with . or Enter, or press ? or * to list all spells.
Aiming: Searing Ray (safe; 1% risk of failure)
Press: ? - help, Shift-Dir - straight line, f/p - Harold
Aim: Harold, wielding a +2 war axe of freezing and wearing a +0 ring mail (lightly wounded, 11% to evade)
The searing ray hits Harold!
Harold is lightly wounded. (Press . to maintain the ray.) Harold hits you with a +2 war axe of freezing!!
* * * LOW HITPOINT WARNING * * *
Harold freezes you!
You die...

##... . ..#.#.
##.##....
...#.....
......### ##
####..#...##...
.!.....(.......
###...<(.#
#....@.###
#[..@....#
#............
#.#...#.####.
.. #.#.... ##
#.#.#...
..#.###..
####.. ..#


You could see Harold.

Vanquished Creatures
  Grinder (D:3)
  Menkaure (D:6)
  A soldier ant (D:5)
  An orc warrior (D:5)
  2 sky beasts
  2 ice beasts
  A black bear (D:7)
  A centaur (D:5)
  3 ogres (D:5)
  A phantom (D:7)
  6 scorpions
  4 wights (D:6)
  A howler monkey (D:6)
  A bullfrog zombie (D:7)
  3 bullfrog skeletons
  3 orc priests
  7 hounds
  2 iguanas
  2 orc wizards
  6 worker ants
  A killer bee zombie (D:6)
  A hound skeleton (D:5)
  A worker ant zombie (D:7)
  8 gnolls
  A howler monkey skeleton (D:7)
  4 adders
  2 white imps
  3 ufetubi (D:5)
  2 adder skeletons (D:5)
  2 worms (D:2)
  5 dart slugs
  23 orcs
  6 bats
  4 giant cockroaches
  13 goblins
  7 hobgoblins
  5 jackals
  7 kobolds
  10 oozes
  9 quokkas
  7 ball pythons
  5 frilled lizards
  9 rats
184 creatures vanquished.

Vanquished Creatures (others)
  Robin (D:2)
  An adder (D:2)
  4 goblins (D:2)
  2 hobgoblins (D:2)
  5 fulminant prisms
13 creatures vanquished.

Grand Total: 197 creatures vanquished

Notes
Turn   | Place    | Note
-------+----------+-------------------------------------------
     0 | D:1      | porpoise the Djinni Conjurer began the quest for the Orb.
     0 | D:1      | Reached XP level 1. HP: 15/15 MP: 0/0
   276 | D:1      | Reached skill level 1 in Fighting
   276 | D:1      | Reached XP level 2. HP: 7/22 MP: 0/0
  1147 | D:1      | Reached XP level 3. HP: 16/27 MP: 0/0
  1147 | D:1      | Learned a level 1 spell: Shock
  1792 | D:2      | Found a faded altar of an unknown god.
  1964 | D:2      | Killed Robin
  2699 | D:2      | Reached XP level 4. HP: 29/33 MP: 0/0
  3080 | D:2      | Identified the +1 helmet of the Echidna {rElec rCorr MP+9}
  3564 | D:3      | Reached XP level 5. HP: 32/40 MP: 0/0
  3564 | D:3      | Learned a level 2 spell: Corpse Rot
  3978 | D:3      | Reached XP level 6. HP: 47/47 MP: 0/0
  3989 | D:3      | Reached skill level 5 in Spellcasting
  4142 | D:3      | Noticed Grinder
  4152 | D:3      | Killed Grinder
  4153 | D:3      | Reached XP level 7. HP: 44/53 MP: 0/0
  4153 | D:3      | Learned a level 3 spell: Lesser Beckoning
  4530 | D:4      | Reached skill level 1 in Shields
  4677 | D:4      | Found a snail-covered altar of Cheibriados.
  4708 | D:4      | Found Xium's Distillery.
  4716 | D:4      | Bought a potion of heal wounds for 50 gold pieces
  5277 | D:5      | Entered Level 5 of the Dungeon
  5444 | D:5      | Reached skill level 5 in Fighting
  5617 | D:5      | Found a staircase to the Ecumenical Temple.
  5640 | D:5      | Reached XP level 8. HP: 51/59 MP: 0/0
  5686 | Temple   | Entered the Ecumenical Temple
  5773 | Temple   | Became a worshipper of Makhleb the Destroyer
  5860 | D:5      | Reached skill level 5 in Dodging
  6872 | D:5      | Identified the -7 helmet of the Blue Skies {rElec rC+ rN+}
  6981 | D:5      | Reached * piety under Makhleb
  7567 | D:5      | Reached XP level 9. HP: 41/67 MP: 0/0
  7567 | D:5      | Learned a level 4 spell: Petrify
  7924 | D:6      | Noticed Menkaure
  7927 | D:6      | Killed Menkaure
  8215 | D:6      | Reached skill level 1 in Invocations
  9753 | D:7      | Reached ** piety under Makhleb
 10019 | D:8      | Noticed Harold
 10126 | D:8      | Slain by Harold

Illustrated notes

Levels and vault maps discovered:
D:1:      dpeg_arrival_rooms_c, layout_basic, minmay_pentomino_q2
D:2:      layout_basic, chequers_ecumenical_altar_simple, chequers_mini_garden,
          lemuel_old_faithful, uniq_robin
D:3:      layout_rooms, uniq_grinder
D:4:      layout_cave_pools, cheibriados_altar_1, serial_shops, shop
D:5:      layout_basic, minmay_temple_entry_ruins, minmay_between
D:6:      layout_cave_pools, minivault_25, uniq_menkaure
D:7:      layout_loops_corners
D:8:      layout_basic, kennysheep_cross_room, minmay_misc_feat_doors,
          grunt_gozag_breadcrumbs, uniq_harold
Temple:   compressed_dpeg_circular_temple

Skill      XL: |  1  2  3  4  5  6  7  8  9 |
---------------+----------------------------+-----
Fighting       | 1 2 3 4 5 6 7 |  7.0
Spellcasting   | 4 5 6 7 |  7.9
Dodging        | 3 4 5 |  5.1
Shields        | 4 |  4.0
Invocations    | 4 |  4.1
Stealth        | |  1.5

Action                   |  1- 3 |  4- 6 |  7- 9 || total
-------------------------+-------+-------+-------++-------
Melee: Short sword       |    26 |       |       ||    26
       Dagger            |       |     4 |    13 ||    17
       Mace              |       |       |    12 ||    12
       Falchion          |       |       |     9 ||     9
 Fire: Hunting sling     |       |    36 |   123 ||   159
Throw: Dart              |    13 |       |     1 ||    14
       Boomerang         |       |       |     1 ||     1
 Cast: Magic Dart        |    34 |    19 |    11 ||    64
       Searing Ray       |    12 |    16 |    64 ||    92
       Fulminant Prism   |       |     2 |     3 ||     5
       Iskenderun's Myst |       |       |    10 ||    10
  Use: Scroll            |       |       |     6 ||     6
Armor: Robe              |     3 |       |    17 ||    20
       Leather armour    |       |       |    10 ||    10
Dodge: Dodged            |    28 |    10 |    69 ||   107
Block: Buckler           |       |       |    18 ||    18
       Rpst.: Falchion   |       |       |     3 ||     3

Table legend: (Time is in decaauts)
 A = Elapsed time spent in this place.
 B = Non-inter-level travel time spent in this place.
 C = Inter-level travel time spent in this place.
 D = Time resting spent in this place.
 E = Time spent auto-exploring this place.
 F = Levels seen in this place.
 G = Mean time per level.
                   A        B        C        D        E       F      G
               +--------+--------+--------+--------+--------+-----+--------+
         Total |  10164 |   9960 |    204 |   4447 |   4129 |   9 | 1129.3 |
       Dungeon |  10065 |   9885 |    180 |   4447 |   4056 |   8 | 1258.1 |
        Temple |     98 |     74 |     24 |      0 |     73 |   1 |   98.0 |
               +--------+--------+--------+--------+--------+-----+--------+

Top non-repeatable levels by time:
     D:5: 2246 daAuts
     D:2: 1782 daAuts
     D:1: 1659 daAuts
     D:7: 1477 daAuts
     D:3: 1091 daAuts
     D:6: 923 daAuts
     D:4: 872 daAuts
  Temple: 98 daAuts
     D:8: 11 daAuts
